[ AOE2 MATCH · #505483451 ]
UnrankedTupi vs Japanese
Player's team · LOSS
Rival team · WIN
[ REPLAY ANALYSIS · EXTRACTED FROM THE RECORDED GAME ]
Feudal
10:12
Castle
—
Imperial
—
| APM avg | 61.0 |
| APM peak | 109 |
| eAPM avg | 34.5 |
| Villagers / military | 44 / 0 |
Focus
⚔️ 26.4% · 🌾 73.6%
Feudal
10:19
Castle
20:39
Imperial
—
| APM avg | 63.7 |
| APM peak | 112 |
| eAPM avg | 17.5 |
| Villagers / military | 49 / 39 |
Focus
⚔️ 46.2% · 🌾 53.8%
Archer ×35 · Militia ×3 · Battering Ram ×1
Match map
Initial resources + every placement click. Lines = walls · curves = elevation contours. ◆ gold · ⬟ stone · ● berries · ✦ relic · ◌ wall gap
Your base· Open — unwalled flank
Tiranosaurio's base· Open — unwalled flank
Smoothed initial terrain · ◌ = detected wall gap · hover for details
Inputs per minute
— WoRLDDeViL - - Tiranosaurio
Build order — WoRLDDeViL
105 actions detected in the replay
| 0:02 | Queue | Villager (Male) |
| 0:02 | Queue | Villager (Male) |
| 0:03 | Build | House |
| 0:06 | Build | House |
| 0:07 | Queue | Villager (Male) |
| 0:15 | Queue | Villager (Male) |
| 1:14 | Queue | Villager (Male) |
| 1:29 | Queue | Villager (Male) |
| 2:01 | Build | Settlement |
| 2:07 | Queue | Villager (Male) |
| 2:21 | Queue | Villager (Male) |
| 2:54 | Queue | Villager (Male) |
| 3:44 | Queue | Villager (Male) |
| 3:49 | Queue | Villager (Male) |
| 4:16 | Queue | Villager (Male) |
| 4:32 | Queue | Villager (Male) |
| 5:09 | Queue | Villager (Male) |
| 5:27 | Queue | Villager (Male) |
| 5:48 | Queue | Villager (Male) |
| 6:12 | Build | Settlement |
| 6:18 | Research | Loom |
| 6:42 | Queue | Villager (Male) |
| 6:44 | Build | Settlement |
| 6:53 | Build | Settlement |
| 6:55 | Queue | Villager (Male) |
| 7:53 | Build | Palisade Wall |
| 7:56 | Build | Palisade Wall |
| 8:02 | Build | Settlement |
| 8:02 | Research | Feudal Age |
| 8:23 | Build | Settlement |
| 9:01 | Build | Palisade Wall |
| 9:07 | Build | Palisade Wall |
| 9:09 | Build | Palisade Wall |
| 9:14 | Build | Palisade Wall |
| 9:29 | Build | Palisade Wall |
| 9:31 | Build | Palisade Wall |
| 9:33 | Build | Palisade Wall |
| 9:34 | Build | Palisade Wall |
| 9:36 | Build | Palisade Wall |
| 9:38 | Build | Palisade Wall |
| 9:57 | Build | Palisade Wall |
| 10:05 | Build | House |
| 10:12 | Age | Feudal Age |
| 10:20 | Build | House |
| 10:23 | Build | Palisade Wall |
| 10:45 | Queue | Villager (Male) |
| 10:56 | Build | Watch Tower |
| 11:02 | Queue | Villager (Male) |
| 11:05 | Research | Double-Bit Axe |
| 11:22 | Build | Palisade Wall |
| 11:34 | Queue | Villager (Male) |
| 11:53 | Queue | Villager (Male) |
| 12:18 | Build | Watch Tower |
| 12:29 | Build | House |
| 12:30 | Build | House |
| 12:34 | Build | House |
| 12:38 | Build | House |
| 13:09 | Queue | Villager (Male) |
| 13:28 | Queue | Villager (Male) |
| 13:38 | Build | Watch Tower |
| 13:44 | Build | House |
| 13:49 | Build | Palisade Wall |
| 13:52 | Queue | Villager (Male) |
| 14:00 | Queue | Villager (Male) |
| 14:57 | Queue | Villager (Male) |
| 15:19 | Build | Settlement |
| 15:20 | Queue | Villager (Male) |
| 15:27 | Build | Farm |
| 15:28 | Build | Farm |
| 15:39 | Queue | Villager (Male) |
| 15:41 | Build | Farm |
| 16:11 | Queue | Villager (Male) |
| 16:13 | Build | Farm |
| 16:16 | Queue | Villager (Male) |
| 16:49 | Queue | Villager (Male) |
| 16:50 | Build | Farm |
| 16:50 | Build | Farm |
| 16:52 | Research | Horse Collar |
| 17:01 | Build | Farm |
| 17:14 | Queue | Villager (Male) |
| 17:16 | Build | Farm |
| 17:32 | Queue | Villager (Male) |
| 17:57 | Build | Blacksmith |
| 18:18 | Research | Fletching |
| 18:21 | Build | Settlement |
| 18:36 | Queue | Villager (Male) |
| 18:55 | Queue | Villager (Male) |
| 19:11 | Build | Farm |
| 19:32 | Queue | Villager (Male) |
| 19:33 | Build | Farm |
| 19:52 | Build | Farm |
| 20:05 | Queue | Villager (Male) |
| 20:06 | Build | Farm |
| 20:11 | Build | Watch Tower |
| 20:27 | Queue | Villager (Male) |
| 20:30 | Build | Farm |
| 21:11 | Build | Farm |
| 21:24 | Build | Watch Tower |
| 21:29 | Queue | Villager (Male) |
| 21:41 | Queue | Villager (Male) |
| 22:37 | Queue | Villager (Male) |
| 23:17 | Build | Watch Tower |
| 23:21 | Queue | Villager (Male) |
| 24:02 | Queue | Villager (Male) |
| 24:15 | Build | Settlement |
Build order — Tiranosaurio
146 actions detected in the replay
| 0:00 | Queue | Villager (Male) |
| 0:01 | Queue | Villager (Male) |
| 0:01 | Queue | Villager (Male) |
| 0:02 | Build | House |
| 0:04 | Build | House |
| 0:20 | Queue | Villager (Male) |
| 1:24 | Queue | Villager (Male) |
| 1:59 | Queue | Villager (Male) |
| 2:29 | Queue | Villager (Male) |
| 2:47 | Queue | Villager (Male) |
| 3:12 | Queue | Villager (Male) |
| 3:16 | Build | Lumber Camp |
| 3:20 | Queue | Villager (Male) |
| 3:20 | Queue | Villager (Male) |
| 4:10 | Queue | Villager (Male) |
| 4:10 | Queue | Villager (Male) |
| 4:10 | Queue | Villager (Male) |
| 4:37 | Queue | Villager (Male) |
| 5:45 | Build | Barracks |
| 5:49 | Queue | Villager (Male) |
| 6:07 | Build | House |
| 6:13 | Queue | Villager (Male) |
| 6:35 | Queue | Villager (Male) |
| 6:42 | Queue | Militia |
| 6:42 | Queue | Militia |
| 6:46 | Queue | Villager (Male) |
| 7:15 | Build | Mining Camp |
| 7:16 | Queue | Militia |
| 7:20 | Queue | Villager (Male) |
| 7:38 | Build | House |
| 7:40 | Build | Mill |
| 7:44 | Research | Loom |
| 7:45 | Research | Loom |
| 8:06 | Research | Feudal Age |
| 8:07 | Research | Feudal Age |
| 9:13 | Build | Farm |
| 9:20 | Build | Farm |
| 9:22 | Build | Farm |
| 9:43 | Queue | Villager (Male) |
| 9:45 | Build | Farm |
| 10:19 | Age | Feudal Age |
| 10:31 | Research | Man-at-Arms (upgrade) |
| 10:32 | Research | Double-Bit Axe |
| 10:37 | Queue | Villager (Male) |
| 10:40 | Build | Archery Range |
| 10:44 | Queue | Villager (Male) |
| 10:51 | Queue | Villager (Male) |
| 10:58 | Build | Farm |
| 11:15 | Build | House |
| 11:16 | Queue | Villager (Male) |
| 11:33 | Queue | Archer |
| 11:37 | Queue | Villager (Male) |
| 11:43 | Build | Farm |
| 11:56 | Queue | Archer |
| 12:08 | Build | House |
| 12:10 | Queue | Villager (Male) |
| 12:23 | Queue | Archer |
| 12:42 | Queue | Archer |
| 12:51 | Queue | Archer |
| 12:55 | Queue | Villager (Male) |
| 13:15 | Queue | Archer |
| 13:19 | Queue | Villager (Male) |
| 13:22 | Build | House |
| 13:23 | Queue | Villager (Male) |
| 13:43 | Queue | Villager (Male) |
| 13:47 | Build | Blacksmith |
| 13:48 | Queue | Villager (Male) |
| 13:50 | Queue | Archer |
| 13:50 | Queue | Archer |
| 13:50 | Queue | Archer |
| 13:59 | Build | House |
| 14:17 | Queue | Archer |
| 14:18 | Queue | Villager (Male) |
| 14:22 | Queue | Archer |
| 14:30 | Build | Archery Range |
| 14:40 | Queue | Villager (Male) |
| 14:42 | Build | Farm |
| 14:43 | Build | Farm |
| 14:54 | Queue | Villager (Male) |
| 14:56 | Build | Farm |
| 14:56 | Queue | Villager (Male) |
| 15:08 | Research | Fletching |
| 15:08 | Research | Fletching |
| 15:08 | Research | Padded Archer Armor |
| 15:09 | Queue | Villager (Male) |
| 15:09 | Queue | Archer |
| 15:33 | Queue | Archer |
| 15:34 | Queue | Archer |
| 15:36 | Queue | Villager (Male) |
| 15:38 | Build | House |
| 16:27 | Queue | Villager (Male) |
| 16:28 | Build | House |
| 16:29 | Queue | Villager (Male) |
| 16:34 | Build | Farm |
| 16:35 | Build | Farm |
| 16:37 | Build | Farm |
| 17:07 | Build | Market |
| 17:27 | Queue | Archer |
| 17:28 | Queue | Archer |
| 17:36 | Build | Farm |
| 17:59 | Research | Castle Age |
| 17:59 | Research | Castle Age |
| 18:05 | Queue | Archer |
| 18:15 | Queue | Archer |
| 18:15 | Queue | Archer |
| 18:25 | Build | Mining Camp |
| 18:30 | Queue | Archer |
| 19:14 | Queue | Archer |
| 19:14 | Queue | Archer |
| 19:14 | Queue | Villager (Male) |
| 20:10 | Research | Scale Mail Armor |
| 20:11 | Queue | Villager (Male) |
| 20:11 | Queue | Archer |
| 20:12 | Queue | Archer |
| 20:37 | Queue | Archer |
| 20:37 | Queue | Archer |
| 20:39 | Age | Castle Age |
| 20:41 | Queue | Villager (Male) |
| 20:49 | Research | Crossbowman (upgrade) |
| 21:08 | Queue | Villager (Male) |
| 21:16 | Build | Siege Workshop |
| 21:22 | Research | Bodkin Arrow |
| 21:22 | Research | Bodkin Arrow |
| 21:24 | Queue | Villager (Male) |
| 21:29 | Research | Horse Collar |
| 21:33 | Queue | Villager (Male) |
| 22:00 | Queue | Battering Ram |
| 22:08 | Build | House |
| 22:11 | Queue | Archer |
| 22:13 | Queue | Villager (Male) |
| 22:20 | Research | Gold Mining |
| 22:20 | Research | Heavy Plow |
| 23:27 | Queue | Archer |
| 23:27 | Queue | Archer |
| 23:53 | Queue | Archer |
| 23:54 | Queue | Archer |
| 23:56 | Queue | Villager (Male) |
| 24:09 | Build | Castle |
| 24:23 | Build | House |
| 24:26 | Queue | Archer |
| 24:26 | Queue | Archer |
| 24:29 | Research | Leather Archer Armor |
| 24:37 | Queue | Villager (Male) |
| 24:43 | Build | University |
| 24:58 | Queue | Archer |
| 24:58 | Queue | Archer |
Match timeline
| 5:45 | Tiranosaurio · first_building Barracks |
| 7:53 | WoRLDDeViL · wall_segment Palisade Wall x2 |
| 7:56 | WoRLDDeViL · wall_segment Palisade Wall x1 |
| 9:01 | WoRLDDeViL · wall_segment Palisade Wall x1 |
| 9:07 | WoRLDDeViL · wall_segment Palisade Wall x1 |
| 9:09 | WoRLDDeViL · wall_segment Palisade Wall x1 |
| 9:14 | WoRLDDeViL · wall_segment Palisade Wall x1 |
| 9:29 | WoRLDDeViL · wall_segment Palisade Wall x1 |
| 9:31 | WoRLDDeViL · wall_segment Palisade Wall x1 |
| 9:33 | WoRLDDeViL · wall_segment Palisade Wall x1 |
| 9:34 | WoRLDDeViL · wall_segment Palisade Wall x1 |
| 9:36 | WoRLDDeViL · wall_segment Palisade Wall x1 |
| 9:38 | WoRLDDeViL · wall_segment Palisade Wall x1 |
| 9:57 | WoRLDDeViL · wall_segment Palisade Wall x6 |
| 10:12 | WoRLDDeViL · age_up feudal |
| 10:19 | Tiranosaurio · age_up feudal |
| 10:23 | WoRLDDeViL · wall_segment Palisade Wall x1 |
| 10:40 | Tiranosaurio · first_building Archery Range |
| 11:22 | WoRLDDeViL · wall_segment Palisade Wall x1 |
| 13:49 | WoRLDDeViL · wall_segment Palisade Wall x1 |
| 17:52 | Tiranosaurio · first_market_buy 100 food |
| 20:39 | Tiranosaurio · age_up castle |
| 21:16 | Tiranosaurio · first_building Siege Workshop |
| 22:29 | Tiranosaurio · first_market_sell 100 wood |
| 24:09 | Tiranosaurio · first_building Castle |
| 24:59 | WoRLDDeViL · resign |
[ AI ANALYSIS · 1 CREDIT ]
What really happened in this match?
Wolo.gg analyzes every decision: build order, eco, micro, common mistakes by bracket. Personalized analysis on WhatsApp or Discord in 30 seconds.
Civ guide
Tupi
Perfil
WoRLDDeViL